Saguenéens vs Little Stars
(R1)
Created - 8 décembre 2013 at 21:55
Goals
|
| Saguenéens |
2 |
0 |
1 |
3 |
| Little Stars |
1 |
3 |
0 |
4 |
|
Shots
|
| Saguenéens |
11 |
15 |
12 |
38 |
| Little Stars |
9 |
13 |
9 |
31 |
|
1st period
1. Saguenéens , Brandon Yip 16 (Kyle Brodziak, Derek Joslin) at 1:58
2. Little Stars , Pierre Dagenais 8 (Patrick O'Sullivan) at 13:56 (PP)
3. Saguenéens , Jarkko Ruutu 12 (Justin Schultz) at 16:50
Penalties :
Tyler McNeely (Chi) for Tripping (Minor) at 13:50
2nd period
4. Little Stars , Pierre Dagenais 9 (Marco Sturm, Patrick O'Sullivan) at 0:08
5. Little Stars , Marco Sturm 6 (Pierre Dagenais, Tim Ramholt) at 3:57
6. Little Stars , Shawn Thornton 4 (Clay Wilson, Hugh Jessiman) at 6:39
Penalties :
Tyler McNeely (Chi) for Hooking (Minor) at 0:49, Wayne Simmonds (Chi) for Hooking (Minor) at 8:56, Oskar Osala (Tex) for Hooking (Minor) at 13:22, Oskar Osala (Tex) for Cross-checking (Minor) at 19:40
3rd period
7. Saguenéens , Brandon Yip 17 (Kyle Brodziak, Ian Cole) at 5:43
Penalties :
Rhett Rakhshani (Chi) for High sticking (Minor) at 6:34, Wayne Simmonds (Chi) for Hooking (Minor) at 11:24
Goalie Stats
Harru Sateri (Chi), 27 saves from 31 shots - (0,871), L, 2-1-0, 60:00 minutes
Alex Auld (Tex), 35 saves from 38 shots - (0,921), W, 9-7-0, 60:00 minutes
Players Stats for Saguenéens
Player Name G A P +/- PIM S H SB GA TA FO MP PP MP PK MP
------------------------------------------------------------------------------------
Andreas Johansson 0 0 0 -2 0 3 4 1 0 0 15/27 22:28 2:09 3:40
Brandon Yip 2 0 2 1 0 8 1 0 0 0 1/1 19:35 1:44 2:45
Brian Flynn 0 0 0 1 0 1 1 0 0 0 0/6 11:50 1:44 1:08
David Laliberté 0 0 0 0 0 5 1 0 0 0 0/0 8:13 0:05 0:00
Derek Joslin 0 1 1 1 0 2 0 3 0 0 0/0 17:32 0:00 3:56
Dwight King 0 0 0 1 0 2 3 0 0 0 2/2 16:27 1:44 0:19
Evgeny Dadonov 0 0 0 -2 0 0 0 1 0 0 2/3 19:10 2:09 0:22
Henrik Tallinder 0 0 0 0 0 5 0 3 0 0 0/0 21:37 1:54 3:29
Ian Cole 0 1 1 0 0 2 3 1 0 0 0/0 17:49 1:54 0:00
Jarkko Ruutu 1 0 1 1 0 1 2 0 0 0 0/0 12:45 0:00 3:56
Jeffrey Foss 0 0 0 1 0 2 0 0 0 0 0/0 14:00 0:00 0:31
Justin Schultz 0 1 1 -1 0 1 4 0 0 0 0/0 24:23 2:04 4:02
Kyle Brodziak 0 2 2 1 0 2 1 0 1 0 2/6 17:08 0:06 2:51
Mike Van Ryn 0 0 0 -1 0 2 2 2 0 2 0/0 24:39 2:04 4:06
Petteri Wirtanen 0 0 0 0 0 1 0 1 0 0 5/7 7:54 0:00 0:00
Rhett Rakhshani 0 0 0 1 2 0 0 0 0 0 1/1 9:03 0:05 0:00
Tyler McNeely 0 0 0 0 4 0 3 0 0 1 0/0 8:07 0:00 0:00
Wayne Simmonds 0 0 0 -2 4 1 1 1 1 0 1/3 19:13 2:08 1:03
Players Stats for Little Stars
Player Name G A P +/- PIM S H SB GA TA FO MP PP MP PK MP
------------------------------------------------------------------------------------
Alexander Vasyunov 0 0 0 -1 0 1 1 0 0 0 1/1 9:06 0:00 0:00
Boris Valabik 0 0 0 1 0 1 3 0 0 0 0/0 19:06 3:39 1:27
Cameron Schilling 0 0 0 -1 0 0 0 0 0 0 0/0 9:38 0:00 0:00
Clay Wilson 0 1 1 1 0 2 1 2 0 0 0/0 19:06 3:39 1:27
Cody Bass 0 0 0 1 0 0 0 0 0 0 0/3 9:58 0:00 0:00
Corey Trivino 0 0 0 0 0 0 0 0 0 0 0/0 0:00 0:00 0:00
Darren Helm 0 0 0 -2 0 1 2 0 0 0 6/10 17:53 3:34 1:00
Hugh Jessiman 0 1 1 1 0 2 2 0 1 0 0/0 10:22 0:20 0:00
Ivan Majesky 0 0 0 0 0 1 0 4 0 1 0/0 27:01 4:23 2:31
Jared Spurgeon 0 0 0 -1 0 0 0 2 0 0 0/0 9:38 0:00 0:00
Jim O'Brien 0 0 0 0 0 0 0 0 0 0 0/0 0:00 0:00 0:00
Jimmy Hayes 0 0 0 0 0 0 0 0 0 0 0/0 0:00 0:00 0:00
Jonathan Blum 0 0 0 0 0 0 0 0 0 0 0/0 4:15 0:00 0:00
Marco Sturm 1 1 2 2 0 4 2 1 1 0 1/3 22:09 4:19 2:17
Matt Halischuk 0 0 0 -1 0 2 0 1 0 0 0/0 9:50 0:00 0:44
Matt Pelech 0 0 0 0 0 1 0 0 0 0 0/0 4:15 0:00 0:00
Oskar Osala 0 0 0 -2 4 2 1 1 0 0 0/0 17:02 3:34 0:00
Patrick O'Sullivan 0 2 2 2 0 6 0 0 0 0 17/35 22:09 4:19 2:17
Paul Postma 0 0 0 0 0 0 0 0 0 0 0/0 0:00 0:00 0:00
Pierre Dagenais 2 1 3 2 0 7 0 0 1 0 1/2 20:45 4:08 1:00
Shawn Thornton 1 0 1 1 0 1 3 0 0 0 0/0 10:49 0:09 0:38
T.J. Oshie 0 0 0 -2 0 0 3 2 0 0 1/1 16:38 3:34 0:00
Tim Ramholt 0 1 1 0 0 0 0 1 0 1 0/0 27:01 4:23 2:31
Troy Bodie 0 0 0 0 0 0 0 0 0 0 0/0 0:13 0:09 0:00
Tyler Haskins 0 0 0 -1 0 0 1 0 0 0 0/1 9:06 0:00 0:00
3 Stars
1 - Pierre Dagenais (Tex)
2 - Brandon Yip (Chi)
3 - Marco Sturm (Tex)
Power Play
Saguenéens - 0 on 2 Attempt(s) - 0,00%
Little Stars - 1 on 5 Attempt(s) - 20,00%
Penalty Kill
Saguenéens - 4 on 5 Attempt(s) - 80,00%
- Score 0 goal in Penalty Kill
Little Stars - 2 on 2 Attempt(s) - 100,00%
- Score 0 goal in Penalty Kill
Official
Referees : StLaurent Francois and Walkom Stephen
Linesman : Pierre Champoux and Mike Cvik
Game Notes
No Game Note
Finance
Level 1 -- Attendance: 1530 (76,50%) -- Ticket Income 53 550 $
Level 2 -- Attendance: 768 (76,80%) -- Ticket Income 11 520 $
Total Attendance: 2298 (76,60%)
Total Ticket Income: 65 070 $
Other Income: 3 254 $
Total Income: 68 324 $
Saguenéens
5 vs 5 Forward
Center Left Wing Right Wing Time % Phy DF OF
1 Andreas Johansson Evgeny Dadonov Wayne Simmonds 40 1 1 3
2 Kyle Brodziak Dwight King Brandon Yip 30 1 1 3
3 Brian Flynn Jarkko Ruutu Rhett Rakhshani 16 1 2 2
4 Petteri Wirtanen Tyler McNeely David Laliberté 14 1 2 2
5 vs 5 Defense
Defense Defense Time % Phy DF OF
1 Justin Schultz Mike Van Ryn 32 1 2 2
2 Ian Cole Henrik Tallinder 32 1 2 2
3 Jeffrey Foss Derek Joslin 26 1 2 2
4 Justin Schultz Mike Van Ryn 10 0 2 3
PowerPlay Forward
Center Left Wing Right Wing Time % Phy DF OF
1 Andreas Johansson Evgeny Dadonov Wayne Simmonds 60 0 1 4
2 Brian Flynn Dwight King Brandon Yip 40 0 1 4
PowerPlay Defense
Defense Defense Time % Phy DF OF
1 Justin Schultz Mike Van Ryn 60 0 2 3
2 Ian Cole Henrik Tallinder 40 0 2 3
Penalty Kill 4 Players Forward
Center Wing Time % Phy DF OF
1 Kyle Brodziak Jarkko Ruutu 50 1 3 1
2 Andreas Johansson Brandon Yip 50 1 3 1
Penalty Kill 4 Players Defense
Defense Defense Time % Phy DF OF
1 Justin Schultz Mike Van Ryn 50 1 3 1
2 Derek Joslin Henrik Tallinder 50 1 3 1
Penalty Kill - 3 Players Forward
Forward Time % Phy DF OF
1 Jarkko Ruutu 50 1 3 1
2 Andreas Johansson 50 1 3 1
Penalty Kill - 3 Players Defense
Defense Defense Time % Phy DF OF
1 Justin Schultz Mike Van Ryn 50 1 3 1
2 Derek Joslin Henrik Tallinder 50 1 3 1
4 vs 4 Forward
Center Wing Time % Phy DF OF
1 Kyle Brodziak Brandon Yip 50 1 1 3
2 Andreas Johansson Wayne Simmonds 50 1 1 3
4 vs 4 Defense
Defense Defense Time % Phy DF OF
1 Justin Schultz Mike Van Ryn 50 1 2 2
2 Henrik Tallinder Ian Cole 50 1 2 2
Last Minutes Offensive
Center Left Wing Right Wing Defense Defense
Andreas Johansson Evgeny Dadonov Brandon Yip Justin Schultz Mike Van Ryn
Last Minutes Defensive
Center Left Wing Right Wing Defense Defense
Andreas Johansson Evgeny Dadonov Wayne Simmonds Justin Schultz Mike Van Ryn
Goaltenders
Starting : Harru Sateri
Backup : James Reimer
Extra Forwards
Normal : Brian Flynn, Andreas Johansson, Evgeny Dadonov - PP : Kyle Brodziak, Rhett Rakhshani - PK : Wayne Simmonds
Extra Defensemen
Normal : Jeffrey Foss, Derek Joslin, Justin Schultz - PP : Jeffrey Foss - PK : Jeffrey Foss, Ian Cole
Penalty Shots
Brandon Yip, Andreas Johansson, Evgeny Dadonov, Jarkko Ruutu, Wayne Simmonds
Little Stars
5 vs 5 Forward
Center Left Wing Right Wing Time % Phy DF OF
1 Patrick O'Sullivan Marco Sturm Pierre Dagenais 40 1 2 2
2 Darren Helm Oskar Osala T.J. Oshie 30 1 2 2
3 Cody Bass Shawn Thornton Hugh Jessiman 20 1 2 2
4 Tyler Haskins Alexander Vasyunov Matt Halischuk 10 1 2 2
5 vs 5 Defense
Defense Defense Time % Phy DF OF
1 Ivan Majesky Tim Ramholt 40 1 2 2
2 Boris Valabik Clay Wilson 30 1 2 2
3 Cameron Schilling Jared Spurgeon 20 1 2 2
4 Matt Pelech Jonathan Blum 10 1 2 2
PowerPlay Forward
Center Left Wing Right Wing Time % Phy DF OF
1 Patrick O'Sullivan Marco Sturm Pierre Dagenais 60 1 2 2
2 Darren Helm Oskar Osala T.J. Oshie 40 1 2 2
PowerPlay Defense
Defense Defense Time % Phy DF OF
1 Ivan Majesky Tim Ramholt 60 1 2 2
2 Boris Valabik Clay Wilson 40 1 2 2
Penalty Kill 4 Players Forward
Center Wing Time % Phy DF OF
1 Patrick O'Sullivan Marco Sturm 60 1 2 2
2 Pierre Dagenais Darren Helm 40 1 2 2
Penalty Kill 4 Players Defense
Defense Defense Time % Phy DF OF
1 Ivan Majesky Tim Ramholt 60 1 2 2
2 Boris Valabik Clay Wilson 40 1 2 2
Penalty Kill - 3 Players Forward
Forward Time % Phy DF OF
1 Patrick O'Sullivan 60 1 2 2
2 Marco Sturm 40 1 2 2
Penalty Kill - 3 Players Defense
Defense Defense Time % Phy DF OF
1 Ivan Majesky Tim Ramholt 60 1 2 2
2 Boris Valabik Clay Wilson 40 1 2 2
4 vs 4 Forward
Center Wing Time % Phy DF OF
1 Patrick O'Sullivan Marco Sturm 60 1 2 2
2 Pierre Dagenais Darren Helm 40 1 2 2
4 vs 4 Defense
Defense Defense Time % Phy DF OF
1 Ivan Majesky Tim Ramholt 60 1 2 2
2 Boris Valabik Clay Wilson 40 1 2 2
Last Minutes Offensive
Center Left Wing Right Wing Defense Defense
Patrick O'Sullivan Marco Sturm Pierre Dagenais Ivan Majesky Tim Ramholt
Last Minutes Defensive
Center Left Wing Right Wing Defense Defense
Patrick O'Sullivan Marco Sturm Pierre Dagenais Ivan Majesky Tim Ramholt
Goaltenders
Starting : Alex Auld
Backup : Justin Pogge
Extra Forwards
Normal : Hugh Jessiman, Shawn Thornton, Matt Halischuk - PP : Hugh Jessiman, Shawn Thornton - PK : Matt Halischuk
Extra Defensemen
Normal : Cameron Schilling, Jared Spurgeon, Matt Pelech - PP : Cameron Schilling - PK : Jared Spurgeon, Matt Pelech
Penalty Shots
Patrick O'Sullivan, Marco Sturm, Pierre Dagenais, Darren Helm, T.J. Oshie
% Time on Ice - Saguenéens
Lines # - Real PCT - Wanted PCT - Time Play
Normal Forward
1 - 34% - 40% - 15:51
2 - 31% - 30% - 14:24
3 - 19% - 16% - 8:42
4 - 17% - 14% - 7:54
Normal Defense
1 - 31% - 32% - 14:45
2 - 35% - 32% - 16:14
3 - 28% - 26% - 13:17
4 - 6% - 10% - 2:35
PP Forward
1 - 56% - 60% - 2:14
2 - 44% - 40% - 1:44
PP Defense
1 - 52% - 60% - 2:04
2 - 48% - 40% - 1:54
PK Forward
1 - 49% - 50% - 3:54
2 - 51% - 50% - 4:08
PK Defense
1 - 51% - 50% - 4:06
2 - 49% - 50% - 3:56
PK3 Forward
1 - 0% - 50%
2 - 0% - 50%
PK3 Defense
1 - 0% - 50%
2 - 0% - 50%
44 Forward
1 - 0% - 50%
2 - 0% - 50%
44 Defense
1 - 0% - 50%
2 - 0% - 50%
Last Minute Offensive - 1:09
Last Minute Defensive - 0:00
Total
Forward - 60:00
Defense - 60:00
|
% Time on Ice - Little Stars
Lines # - Real PCT - Wanted PCT - Time Play
Normal Forward
1 - 31% - 40% - 14:27
2 - 28% - 30% - 13:19
3 - 21% - 20% - 9:58
4 - 19% - 10% - 9:06
Normal Defense
1 - 40% - 40% - 18:57
2 - 30% - 30% - 14:00
3 - 21% - 20% - 9:38
4 - 9% - 10% - 4:15
PP Forward
1 - 56% - 60% - 4:28
2 - 44% - 40% - 3:34
PP Defense
1 - 55% - 60% - 4:23
2 - 45% - 40% - 3:39
PK Forward
1 - 75% - 60% - 2:58
2 - 25% - 40% - 1:00
PK Defense
1 - 63% - 60% - 2:31
2 - 37% - 40% - 1:27
PK3 Forward
1 - 0% - 60%
2 - 0% - 40%
PK3 Defense
1 - 0% - 60%
2 - 0% - 40%
44 Forward
1 - 0% - 60%
2 - 0% - 40%
44 Defense
1 - 0% - 60%
2 - 0% - 40%
Last Minute Offensive - 0:00
Last Minute Defensive - 1:10
Total
Forward - 60:00
Defense - 60:00
|
Play by Play
1st period
0:01 of 1st period - Patrick O'Sullivan wins face-off versus Andreas Johansson in neutral zone.
0:06 of 1st period - Wrist shot by Patrick O'Sullivan.
0:06 of 1st period - Stopped by Harru Sateri with a rebound.
1:25 of 1st period - Jeffrey Foss is hit by Marco Sturm and loses puck.
1:50 of 1st period - Wrist shot by Brandon Yip.
1:50 of 1st period - Stopped by Alex Auld with a rebound.
1:52 of 1st period - Slapshot by Jeffrey Foss.
1:52 of 1st period - Stopped by Alex Auld with a rebound.
1:54 of 1st period - Snap shot by Derek Joslin.
1:54 of 1st period - Shot Blocked by Oskar Osala.
1:56 of 1st period - Snap shot by Kyle Brodziak.
1:56 of 1st period - Deflect By Brandon Yip.
1:56 of 1st period - Stopped by Alex Auld with a rebound.
1:58 of 1st period - Snap shot by Brandon Yip.
1:58 of 1st period - Goal by Brandon Yip - Saguenéens : 1 - Little Stars : 0.
1:59 of 1st period - Evgeny Dadonov wins face-off versus Patrick O'Sullivan in neutral zone.
2:24 of 1st period - Mike Van Ryn is hit by Shawn Thornton and loses puck.
2:46 of 1st period - Icing by Clay Wilson.
2:47 of 1st period - Darren Helm wins face-off versus Brian Flynn in Little Stars zone.
3:14 of 1st period - Wrist shot by Rhett Rakhshani.
3:14 of 1st period - Shot Misses the Net.
3:16 of 1st period - Slapshot by Jeffrey Foss.
3:16 of 1st period - Shot Misses the Net.
3:28 of 1st period - Snap shot by Jarkko Ruutu.
3:28 of 1st period - Shot Blocked by Clay Wilson.
3:30 of 1st period - Wrist shot by Jarkko Ruutu.
3:30 of 1st period - Shot Misses the Net.
3:32 of 1st period - Slapshot by Jeffrey Foss.
3:32 of 1st period - Deflect By Clay Wilson.
3:32 of 1st period - Stopped by Alex Auld with a rebound.
3:34 of 1st period - Slapshot by Derek Joslin.
3:34 of 1st period - Deflect By Boris Valabik.
3:34 of 1st period - Stopped by Alex Auld without a rebound.
3:35 of 1st period - Patrick O'Sullivan wins face-off versus Andreas Johansson in Little Stars zone.
4:21 of 1st period - Slapshot by Henrik Tallinder.
4:21 of 1st period - Shot Misses the Net.
4:23 of 1st period - Snap shot by David Laliberté.
4:23 of 1st period - Shot Misses the Net.
4:25 of 1st period - Slapshot by Mike Van Ryn.
4:25 of 1st period - Stopped by Alex Auld without a rebound.
4:26 of 1st period - Andreas Johansson wins face-off versus Pierre Dagenais in Little Stars zone.
4:55 of 1st period - Wrist shot by Kyle Brodziak.
4:55 of 1st period - Shot Misses the Net.
5:10 of 1st period - Icing by Brandon Yip.
5:11 of 1st period - Darren Helm wins face-off versus Kyle Brodziak in Saguenéens zone.
5:18 of 1st period - Wrist shot by Pierre Dagenais.
5:18 of 1st period - Stopped by Harru Sateri with a rebound.
6:09 of 1st period - Slapshot by Matt Halischuk.
6:09 of 1st period - Shot Misses the Net.
6:11 of 1st period - Snap shot by Matt Pelech.
6:11 of 1st period - Stopped by Harru Sateri without a rebound.
6:12 of 1st period - Andreas Johansson wins face-off versus Marco Sturm in Saguenéens zone.
6:22 of 1st period - Snap shot by Evgeny Dadonov.
6:22 of 1st period - Deflect By Wayne Simmonds.
6:22 of 1st period - Shot Misses the Net.
6:22 of 1st period - Puck is out of play.
6:23 of 1st period - Pierre Dagenais wins face-off versus Andreas Johansson in Little Stars zone.
6:30 of 1st period - Wrist shot by Marco Sturm.
6:30 of 1st period - Shot Misses the Net.
6:36 of 1st period - Marco Sturm is hit by Andreas Johansson.
6:48 of 1st period - Cody Bass is hit by Mike Van Ryn and loses puck.
6:57 of 1st period - Wrist shot by David Laliberté.
6:57 of 1st period - Shot Misses the Net.
7:41 of 1st period - Snap shot by Matt Halischuk.
7:41 of 1st period - Shot Misses the Net.
8:19 of 1st period - David Laliberté is hit by Shawn Thornton and loses puck.
8:58 of 1st period - Mike Van Ryn is hit by Alexander Vasyunov and loses puck.
9:55 of 1st period - Brandon Yip is hit by Boris Valabik.
10:03 of 1st period - Snap shot by Kyle Brodziak.
10:03 of 1st period - Shot Misses the Net.
10:19 of 1st period - Snap shot by Pierre Dagenais.
10:19 of 1st period - Deflect By Patrick O'Sullivan.
10:19 of 1st period - Shot Blocked by Derek Joslin.
10:19 of 1st period - Puck is out of play.
10:20 of 1st period - Andreas Johansson wins face-off versus Patrick O'Sullivan in Saguenéens zone.
10:33 of 1st period - Snap shot by Andreas Johansson.
10:33 of 1st period - Stopped by Alex Auld without a rebound.
10:34 of 1st period - Wayne Simmonds wins face-off versus Marco Sturm in Little Stars zone.
11:07 of 1st period - Ivan Majesky is hit by Dwight King and loses puck.
11:35 of 1st period - Wrist shot by Matt Halischuk.
11:35 of 1st period - Stopped by Harru Sateri with a rebound.
11:54 of 1st period - Snap shot by Kyle Brodziak.
11:54 of 1st period - Shot Misses the Net.
12:04 of 1st period - Snap shot by Brandon Yip.
12:04 of 1st period - Shot Misses the Net.
12:06 of 1st period - Slapshot by Kyle Brodziak.
12:06 of 1st period - Shot Blocked by Clay Wilson.
12:12 of 1st period - Wrist shot by Brandon Yip.
12:12 of 1st period - Stopped by Alex Auld without a rebound.
12:13 of 1st period - Patrick O'Sullivan wins face-off versus Andreas Johansson in Little Stars zone.
12:47 of 1st period - Slapshot by David Laliberté.
12:47 of 1st period - Shot Misses the Net.
13:25 of 1st period - Wayne Simmonds is hit by Clay Wilson and loses puck.
13:32 of 1st period - Mike Van Ryn is hit by Boris Valabik and loses puck.
13:42 of 1st period - Off-side.
13:43 of 1st period - Petteri Wirtanen wins face-off versus Darren Helm in neutral zone.
13:50 of 1st period - Minor Penalty to Tyler McNeely for Tripping.
13:51 of 1st period - Patrick O'Sullivan wins face-off versus Kyle Brodziak in Saguenéens zone.
13:56 of 1st period - Wrist shot by Pierre Dagenais.
13:56 of 1st period - Goal by Pierre Dagenais - Saguenéens : 1 - Little Stars : 1.
13:57 of 1st period - Andreas Johansson wins face-off versus Patrick O'Sullivan in neutral zone.
14:28 of 1st period - Wrist shot by Darren Helm.
14:28 of 1st period - Stopped by Harru Sateri without a rebound.
14:29 of 1st period - Dwight King wins face-off versus Cody Bass in Saguenéens zone.
15:02 of 1st period - Snap shot by Pierre Dagenais.
15:02 of 1st period - Shot Misses the Net.
15:04 of 1st period - Wrist shot by Pierre Dagenais.
15:04 of 1st period - Deflect By Evgeny Dadonov.
15:04 of 1st period - Stopped by Harru Sateri with a rebound.
15:30 of 1st period - Tim Ramholt is hit by Andreas Johansson and loses puck.
15:53 of 1st period - Tim Ramholt is hit by Brian Flynn and loses puck.
16:02 of 1st period - Jarkko Ruutu is hit by T.J. Oshie and loses puck.
16:11 of 1st period - Rhett Rakhshani is hit by T.J. Oshie and loses puck.
16:32 of 1st period - Snap shot by T.J. Oshie.
16:32 of 1st period - Shot Blocked by Mike Van Ryn.
16:50 of 1st period - Wrist shot by Jarkko Ruutu.
16:50 of 1st period - Goal by Jarkko Ruutu - Saguenéens : 2 - Little Stars : 1.
16:51 of 1st period - Andreas Johansson wins face-off versus Patrick O'Sullivan in neutral zone.
17:16 of 1st period - Dwight King is hit by Hugh Jessiman and loses puck.
18:11 of 1st period - Cody Bass is hit by Brandon Yip.
18:15 of 1st period - Dwight King is hit by Shawn Thornton and loses puck.
18:40 of 1st period - Wrist shot by Brian Flynn.
18:40 of 1st period - Stopped by Alex Auld without a rebound.
18:41 of 1st period - Patrick O'Sullivan wins face-off versus Brian Flynn in Little Stars zone.
18:50 of 1st period - Snap shot by Patrick O'Sullivan.
18:50 of 1st period - Stopped by Harru Sateri with a rebound.
18:52 of 1st period - Snap shot by Pierre Dagenais.
18:52 of 1st period - Shot Misses the Net.
18:54 of 1st period - Slapshot by Marco Sturm.
18:54 of 1st period - Shot Misses the Net.
18:56 of 1st period - Wrist shot by Marco Sturm.
18:56 of 1st period - Stopped by Harru Sateri with a rebound.
19:33 of 1st period - Wrist shot by Brandon Yip.
19:33 of 1st period - Shot Misses the Net.
19:53 of 1st period - Snap shot by Justin Schultz.
19:53 of 1st period - Shot Blocked by Jared Spurgeon.
2nd period
0:01 of 2nd period - Patrick O'Sullivan wins face-off versus Andreas Johansson in neutral zone.
0:04 of 2nd period - Slapshot by Marco Sturm.
0:04 of 2nd period - Stopped by Harru Sateri with a rebound.
0:06 of 2nd period - Slapshot by Marco Sturm.
0:06 of 2nd period - Shot Misses the Net.
0:08 of 2nd period - Snap shot by Pierre Dagenais.
0:08 of 2nd period - Goal by Pierre Dagenais - Saguenéens : 2 - Little Stars : 2.
0:09 of 2nd period - Patrick O'Sullivan wins face-off versus Wayne Simmonds in neutral zone.
0:34 of 2nd period - Brandon Yip is hit by Darren Helm and loses puck.
0:49 of 2nd period - Minor Penalty to Tyler McNeely for Hooking.
0:50 of 2nd period - Brandon Yip wins face-off versus Patrick O'Sullivan in Saguenéens zone.
2:49 of 2nd period - Penalty to Tyler McNeely is over, Tyler McNeely is back on ice.
2:59 of 2nd period - Slapshot by Matt Halischuk.
2:59 of 2nd period - Stopped by Harru Sateri with a rebound.
3:01 of 2nd period - Snap shot by Tyler Haskins.
3:01 of 2nd period - Shot Blocked by Derek Joslin.
3:03 of 2nd period - Backhand shot by Jared Spurgeon.
3:03 of 2nd period - Deflect By Tyler Haskins.
3:03 of 2nd period - Shot Blocked by Wayne Simmonds.
3:03 of 2nd period - Puck is out of play.
3:04 of 2nd period - Petteri Wirtanen wins face-off versus Tyler Haskins in Saguenéens zone.
3:13 of 2nd period - Snap shot by Petteri Wirtanen.
3:13 of 2nd period - Stopped by Alex Auld with a rebound.
3:15 of 2nd period - Slapshot by Ian Cole.
3:15 of 2nd period - Shot Blocked by Jared Spurgeon.
3:17 of 2nd period - Wrist shot by Ian Cole.
3:17 of 2nd period - Stopped by Alex Auld without a rebound.
3:18 of 2nd period - Patrick O'Sullivan wins face-off versus Andreas Johansson in Little Stars zone.
3:29 of 2nd period - Snap shot by Patrick O'Sullivan.
3:29 of 2nd period - Stopped by Harru Sateri with a rebound.
3:31 of 2nd period - Wrist shot by Patrick O'Sullivan.
3:31 of 2nd period - Stopped by Harru Sateri without a rebound.
3:32 of 2nd period - Patrick O'Sullivan wins face-off versus Andreas Johansson in Saguenéens zone.
3:37 of 2nd period - Snap shot by Marco Sturm.
3:37 of 2nd period - Shot Blocked by Evgeny Dadonov.
3:43 of 2nd period - Snap shot by Pierre Dagenais.
3:43 of 2nd period - Stopped by Harru Sateri without a rebound.
3:44 of 2nd period - Patrick O'Sullivan wins face-off versus Andreas Johansson in Saguenéens zone.
3:49 of 2nd period - Slapshot by Pierre Dagenais.
3:49 of 2nd period - Shot Blocked by Andreas Johansson.
3:51 of 2nd period - Slapshot by Tim Ramholt.
3:51 of 2nd period - Shot Misses the Net.
3:53 of 2nd period - Wrist shot by Marco Sturm.
3:53 of 2nd period - Shot Misses the Net.
3:55 of 2nd period - Slapshot by Pierre Dagenais.
3:55 of 2nd period - Shot Misses the Net.
3:57 of 2nd period - Snap shot by Marco Sturm.
3:57 of 2nd period - Deflect By Wayne Simmonds.
3:57 of 2nd period - Goal by Marco Sturm - Saguenéens : 2 - Little Stars : 3.
3:58 of 2nd period - Evgeny Dadonov wins face-off versus Patrick O'Sullivan in neutral zone.
4:40 of 2nd period - Clay Wilson is hit by Tyler McNeely and loses puck.
5:21 of 2nd period - Snap shot by Cody Bass.
5:21 of 2nd period - Deflect By Hugh Jessiman.
5:21 of 2nd period - Shot Misses the Net.
5:21 of 2nd period - Puck is out of play.
5:22 of 2nd period - Andreas Johansson wins face-off versus Darren Helm in Saguenéens zone.
5:31 of 2nd period - Wrist shot by Evgeny Dadonov.
5:31 of 2nd period - Shot Misses the Net.
5:33 of 2nd period - Backhand shot by Wayne Simmonds.
5:33 of 2nd period - Stopped by Alex Auld with a rebound.
5:35 of 2nd period - Snap shot by Derek Joslin.
5:35 of 2nd period - Stopped by Alex Auld with a rebound.
5:54 of 2nd period - Snap shot by David Laliberté.
5:54 of 2nd period - Stopped by Alex Auld with a rebound.
5:56 of 2nd period - Snap shot by David Laliberté.
5:56 of 2nd period - Stopped by Alex Auld without a rebound.
5:57 of 2nd period - Patrick O'Sullivan wins face-off versus Andreas Johansson in Little Stars zone.
6:10 of 2nd period - Snap shot by Pierre Dagenais.
6:10 of 2nd period - Shot Misses the Net.
6:32 of 2nd period - Kyle Brodziak is hit by Boris Valabik and loses puck.
6:37 of 2nd period - Slapshot by Clay Wilson.
6:37 of 2nd period - Stopped by Harru Sateri with a rebound.
6:39 of 2nd period - Snap shot by Shawn Thornton.
6:39 of 2nd period - Goal by Shawn Thornton - Saguenéens : 2 - Little Stars : 4.
6:40 of 2nd period - Patrick O'Sullivan wins face-off versus Andreas Johansson in neutral zone.
6:51 of 2nd period - Wrist shot by Andreas Johansson.
6:51 of 2nd period - Stopped by Alex Auld without a rebound.
6:52 of 2nd period - Andreas Johansson wins face-off versus Patrick O'Sullivan in Little Stars zone.
7:45 of 2nd period - Icing by Boris Valabik.
7:46 of 2nd period - Kyle Brodziak wins face-off versus Darren Helm in Little Stars zone.
7:47 of 2nd period - Snap shot by Brandon Yip.
7:47 of 2nd period - Shot Hit the Post.
7:55 of 2nd period - Slapshot by Justin Schultz.
7:55 of 2nd period - Deflect By Brandon Yip.
7:55 of 2nd period - Stopped by Alex Auld without a rebound.
7:56 of 2nd period - Patrick O'Sullivan wins face-off versus Kyle Brodziak in Little Stars zone.
7:56 of 2nd period - Patrick O'Sullivan is hit by Dwight King.
8:02 of 2nd period - Snap shot by Pierre Dagenais.
8:02 of 2nd period - Shot Misses the Net.
8:11 of 2nd period - Slapshot by Kyle Brodziak.
8:11 of 2nd period - Stopped by Alex Auld with a rebound.
8:21 of 2nd period - Jarkko Ruutu is hit by Darren Helm.
8:33 of 2nd period - Jared Spurgeon is hit by Justin Schultz and loses puck.
8:46 of 2nd period - Jared Spurgeon is hit by Andreas Johansson and loses puck.
8:56 of 2nd period - Minor Penalty to Wayne Simmonds for Hooking.
8:57 of 2nd period - Kyle Brodziak wins face-off versus Patrick O'Sullivan in Saguenéens zone.
9:02 of 2nd period - Slapshot by Pierre Dagenais.
9:02 of 2nd period - Shot Blocked by Derek Joslin.
10:50 of 2nd period - Henrik Tallinder is hit by Hugh Jessiman and loses puck.
10:56 of 2nd period - Penalty to Wayne Simmonds is over, Wayne Simmonds is back on ice.
10:59 of 2nd period - Wrist shot by Shawn Thornton.
10:59 of 2nd period - Deflect By Hugh Jessiman.
10:59 of 2nd period - Shot Blocked by Henrik Tallinder.
10:59 of 2nd period - Puck is out of play.
11:00 of 2nd period - Petteri Wirtanen wins face-off versus Cody Bass in Saguenéens zone.
12:03 of 2nd period - Jeffrey Foss is hit by Marco Sturm.
12:04 of 2nd period - Icing by Jeffrey Foss.
12:05 of 2nd period - Rhett Rakhshani wins face-off versus Patrick O'Sullivan in Saguenéens zone.
12:39 of 2nd period - Wrist shot by Andreas Johansson.
12:39 of 2nd period - Stopped by Alex Auld with a rebound.
12:51 of 2nd period - Wrist shot by Shawn Thornton.
12:51 of 2nd period - Shot Blocked by Henrik Tallinder.
12:53 of 2nd period - Slapshot by Hugh Jessiman.
12:53 of 2nd period - Stopped by Harru Sateri with a rebound.
13:17 of 2nd period - Wrist shot by Pierre Dagenais.
13:17 of 2nd period - Stopped by Harru Sateri without a rebound.
13:18 of 2nd period - Darren Helm wins face-off versus Wayne Simmonds in Saguenéens zone.
13:22 of 2nd period - Minor Penalty to Oskar Osala for Hooking.
13:23 of 2nd period - Andreas Johansson wins face-off versus Patrick O'Sullivan in Little Stars zone.
13:24 of 2nd period - Slapshot by Mike Van Ryn.
13:24 of 2nd period - Shot Blocked by Ivan Majesky.
13:26 of 2nd period - Wrist shot by Wayne Simmonds.
13:26 of 2nd period - Shot Blocked by Ivan Majesky.
13:28 of 2nd period - Slapshot by Mike Van Ryn.
13:28 of 2nd period - Deflect By Tim Ramholt.
13:28 of 2nd period - Stopped by Alex Auld with a rebound.
13:30 of 2nd period - Slapshot by Justin Schultz.
13:30 of 2nd period - Stopped by Alex Auld with a rebound.
13:54 of 2nd period - Slapshot by Dwight King.
13:54 of 2nd period - Stopped by Alex Auld with a rebound.
15:22 of 2nd period - Penalty to Oskar Osala is over, Oskar Osala is back on ice.
15:23 of 2nd period - Oskar Osala is hit by David Laliberté and loses puck.
15:28 of 2nd period - Snap shot by David Laliberté.
15:28 of 2nd period - Stopped by Alex Auld with a rebound.
15:30 of 2nd period - Snap shot by Derek Joslin.
15:30 of 2nd period - Shot Misses the Net.
16:06 of 2nd period - Slapshot by Alexander Vasyunov.
16:06 of 2nd period - Stopped by Harru Sateri with a rebound.
16:35 of 2nd period - Hugh Jessiman is hit by Jarkko Ruutu and loses puck.
16:54 of 2nd period - Snap shot by Alexander Vasyunov.
16:54 of 2nd period - Deflect By Patrick O'Sullivan.
16:54 of 2nd period - Shot Blocked by Henrik Tallinder.
16:54 of 2nd period - Puck is out of play.
16:55 of 2nd period - Petteri Wirtanen wins face-off versus Patrick O'Sullivan in Saguenéens zone.
16:57 of 2nd period - Icing by Justin Schultz.
16:58 of 2nd period - Petteri Wirtanen wins face-off versus Patrick O'Sullivan in Saguenéens zone.
17:07 of 2nd period - Slapshot by Mike Van Ryn.
17:07 of 2nd period - Shot Hit the Post.
17:09 of 2nd period - Slapshot by Petteri Wirtanen.
17:09 of 2nd period - Shot Hit the Post.
17:11 of 2nd period - Snap shot by Tyler McNeely.
17:11 of 2nd period - Shot Blocked by Ivan Majesky.
17:21 of 2nd period - Oskar Osala is hit by Justin Schultz.
17:31 of 2nd period - Off-side.
17:32 of 2nd period - Patrick O'Sullivan wins face-off versus Kyle Brodziak in neutral zone.
17:34 of 2nd period - Clay Wilson is hit by Ian Cole and loses puck.
17:57 of 2nd period - Patrick O'Sullivan is hit by Jarkko Ruutu.
18:18 of 2nd period - Icing by Ivan Majesky.
18:19 of 2nd period - Andreas Johansson wins face-off versus Darren Helm in Little Stars zone.
18:29 of 2nd period - Slapshot by Ivan Majesky.
18:29 of 2nd period - Stopped by Harru Sateri with a rebound.
19:40 of 2nd period - Minor Penalty to Oskar Osala for Cross-checking.
19:41 of 2nd period - Andreas Johansson wins face-off versus Patrick O'Sullivan in Little Stars zone.
19:42 of 2nd period - Wrist shot by Wayne Simmonds.
19:42 of 2nd period - Shot Misses the Net.
19:44 of 2nd period - Slapshot by Ian Cole.
19:44 of 2nd period - Shot Misses the Net.
19:46 of 2nd period - Backhand shot by Wayne Simmonds.
19:46 of 2nd period - Shot Misses the Net.
19:48 of 2nd period - Snap shot by Henrik Tallinder.
19:48 of 2nd period - Deflect By Patrick O'Sullivan.
19:48 of 2nd period - Stopped by Alex Auld with a rebound.
19:50 of 2nd period - Wrist shot by Evgeny Dadonov.
19:50 of 2nd period - Shot Misses the Net.
3rd period
0:01 of 3rd period - Andreas Johansson wins face-off versus Patrick O'Sullivan in neutral zone.
1:40 of 3rd period - Penalty to Oskar Osala is over, Oskar Osala is back on ice.
1:48 of 3rd period - Slapshot by Tim Ramholt.
1:48 of 3rd period - Shot Misses the Net.
1:50 of 3rd period - Slapshot by Tim Ramholt.
1:50 of 3rd period - Deflect By Patrick O'Sullivan.
1:50 of 3rd period - Shot Blocked by Petteri Wirtanen.
1:50 of 3rd period - Puck is out of play.
1:51 of 3rd period - Darren Helm wins face-off versus Petteri Wirtanen in Saguenéens zone.
1:52 of 3rd period - Snap shot by T.J. Oshie.
1:52 of 3rd period - Shot Misses the Net.
1:58 of 3rd period - Derek Joslin is hit by Oskar Osala and loses puck.
2:13 of 3rd period - Wrist shot by David Laliberté.
2:13 of 3rd period - Stopped by Alex Auld with a rebound.
2:15 of 3rd period - Snap shot by Petteri Wirtanen.
2:15 of 3rd period - Deflect By David Laliberté.
2:15 of 3rd period - Stopped by Alex Auld without a rebound.
2:16 of 3rd period - Andreas Johansson wins face-off versus Cody Bass in Little Stars zone.
3:32 of 3rd period - Tim Ramholt is hit by Ian Cole and loses puck.
4:41 of 3rd period - Slapshot by Henrik Tallinder.
4:41 of 3rd period - Stopped by Alex Auld with a rebound.
4:43 of 3rd period - Wrist shot by Kyle Brodziak.
4:43 of 3rd period - Shot Blocked by Matt Halischuk.
4:45 of 3rd period - Slapshot by Brandon Yip.
4:45 of 3rd period - Stopped by Alex Auld with a rebound.
4:47 of 3rd period - Slapshot by Henrik Tallinder.
4:47 of 3rd period - Deflect By Ivan Majesky.
4:47 of 3rd period - Stopped by Alex Auld with a rebound.
4:49 of 3rd period - Snap shot by Dwight King.
4:49 of 3rd period - Shot Misses the Net.
4:51 of 3rd period - Wrist shot by Dwight King.
4:51 of 3rd period - Stopped by Alex Auld with a rebound.
4:53 of 3rd period - Slapshot by Dwight King.
4:53 of 3rd period - Shot Blocked by Tim Ramholt.
4:55 of 3rd period - Slapshot by Henrik Tallinder.
4:55 of 3rd period - Stopped by Alex Auld with a rebound.
4:57 of 3rd period - Wrist shot by Dwight King.
4:57 of 3rd period - Shot Misses the Net.
5:35 of 3rd period - Slapshot by Tim Ramholt.
5:35 of 3rd period - Shot Blocked by Ian Cole.
5:43 of 3rd period - Snap shot by Brandon Yip.
5:43 of 3rd period - Goal by Brandon Yip - Saguenéens : 3 - Little Stars : 4.
5:44 of 3rd period - Patrick O'Sullivan wins face-off versus Andreas Johansson in neutral zone.
6:00 of 3rd period - Pierre Dagenais is hit by Andreas Johansson and loses puck.
6:15 of 3rd period - Off-side.
6:16 of 3rd period - Darren Helm wins face-off versus Brian Flynn in neutral zone.
6:21 of 3rd period - Wrist shot by Oskar Osala.
6:21 of 3rd period - Stopped by Harru Sateri without a rebound.
6:22 of 3rd period - Marco Sturm wins face-off versus Brian Flynn in Saguenéens zone.
6:34 of 3rd period - Minor Penalty to Rhett Rakhshani for High sticking.
6:35 of 3rd period - Andreas Johansson wins face-off versus Patrick O'Sullivan in Saguenéens zone.
7:00 of 3rd period - Clay Wilson is hit by Justin Schultz and loses puck.
8:34 of 3rd period - Penalty to Rhett Rakhshani is over, Rhett Rakhshani is back on ice.
9:15 of 3rd period - Hugh Jessiman is hit by Tyler McNeely and loses puck.
10:19 of 3rd period - Tim Ramholt is hit by Ian Cole and loses puck.
11:24 of 3rd period - Minor Penalty to Wayne Simmonds for Hooking.
11:25 of 3rd period - Andreas Johansson wins face-off versus Patrick O'Sullivan in Saguenéens zone.
11:38 of 3rd period - Snap shot by Boris Valabik.
11:38 of 3rd period - Shot Misses the Net.
11:56 of 3rd period - Snap shot by Andreas Johansson.
11:56 of 3rd period - Shot Blocked by T.J. Oshie.
13:24 of 3rd period - Penalty to Wayne Simmonds is over, Wayne Simmonds is back on ice.
13:35 of 3rd period - Slapshot by Tyler Haskins.
13:35 of 3rd period - Deflect By Mike Van Ryn.
13:35 of 3rd period - Shot Misses the Net.
13:35 of 3rd period - Puck is out of play.
13:36 of 3rd period - Alexander Vasyunov wins face-off versus Petteri Wirtanen in Saguenéens zone.
13:45 of 3rd period - Tyler McNeely is hit by Tyler Haskins and loses puck.
14:07 of 3rd period - Slapshot by Boris Valabik.
14:07 of 3rd period - Stopped by Harru Sateri with a rebound.
14:09 of 3rd period - Slapshot by Clay Wilson.
14:09 of 3rd period - Stopped by Harru Sateri with a rebound.
14:11 of 3rd period - Wrist shot by Hugh Jessiman.
14:11 of 3rd period - Stopped by Harru Sateri with a rebound.
14:33 of 3rd period - Wrist shot by Kyle Brodziak.
14:33 of 3rd period - Stopped by Alex Auld without a rebound.
14:34 of 3rd period - Dwight King wins face-off versus Patrick O'Sullivan in Little Stars zone.
14:39 of 3rd period - Slapshot by Kyle Brodziak.
14:39 of 3rd period - Shot Misses the Net.
15:19 of 3rd period - Slapshot by Jarkko Ruutu.
15:19 of 3rd period - Shot Blocked by T.J. Oshie.
15:21 of 3rd period - Slapshot by Ian Cole.
15:21 of 3rd period - Stopped by Alex Auld without a rebound.
15:22 of 3rd period - T.J. Oshie wins face-off versus Brian Flynn in Little Stars zone.
15:22 of 3rd period - T.J. Oshie is hit by Justin Schultz.
15:37 of 3rd period - Wrist shot by Oskar Osala.
15:37 of 3rd period - Stopped by Harru Sateri with a rebound.
15:47 of 3rd period - Shawn Thornton is hit by Wayne Simmonds and loses puck.
15:56 of 3rd period - Wrist shot by Wayne Simmonds.
15:56 of 3rd period - Shot Misses the Net.
16:12 of 3rd period - Snap shot by Brandon Yip.
16:12 of 3rd period - Stopped by Alex Auld with a rebound.
16:14 of 3rd period - Wrist shot by Kyle Brodziak.
16:14 of 3rd period - Shot Misses the Net.
16:26 of 3rd period - Hugh Jessiman is hit by Dwight King and loses puck.
16:47 of 3rd period - Snap shot by Pierre Dagenais.
16:47 of 3rd period - Deflect By Patrick O'Sullivan.
16:47 of 3rd period - Shot Misses the Net.
16:47 of 3rd period - Puck is out of play.
16:48 of 3rd period - Darren Helm wins face-off versus Brian Flynn in Saguenéens zone.
17:01 of 3rd period - Slapshot by Henrik Tallinder.
17:01 of 3rd period - Stopped by Alex Auld without a rebound.
17:02 of 3rd period - Andreas Johansson wins face-off versus Patrick O'Sullivan in Little Stars zone.
17:11 of 3rd period - Wrist shot by Andreas Johansson.
17:11 of 3rd period - Shot Blocked by Ivan Majesky.
17:17 of 3rd period - Slapshot by Andreas Johansson.
17:17 of 3rd period - Shot Blocked by Marco Sturm.
17:31 of 3rd period - Jarkko Ruutu is hit by T.J. Oshie and loses puck.
17:48 of 3rd period - Hugh Jessiman is hit by Tyler McNeely and loses puck.
18:36 of 3rd period - Jared Spurgeon is hit by Kyle Brodziak and loses puck.
18:56 of 3rd period - Snap shot by Pierre Dagenais.
18:56 of 3rd period - Shot Misses the Net.
19:19 of 3rd period - Patrick O'Sullivan is hit by Mike Van Ryn and loses puck.
19:32 of 3rd period - Wrist shot by Marco Sturm.
19:32 of 3rd period - Stopped by Harru Sateri without a rebound.
19:33 of 3rd period - Craig MacTavish call a timeout for Saguenéens.
19:33 of 3rd period - Patrick O'Sullivan wins face-off versus Evgeny Dadonov in Saguenéens zone.
19:34 of 3rd period - Snap shot by Pierre Dagenais.
19:34 of 3rd period - Shot Blocked by Mike Van Ryn.
19:36 of 3rd period - Wrist shot by Marco Sturm.
19:36 of 3rd period - Shot Misses the Net.
19:38 of 3rd period - Wrist shot by Pierre Dagenais.
19:38 of 3rd period - Shot Misses the Net.
19:44 of 3rd period - Snap shot by Marco Sturm.
19:44 of 3rd period - Shot Misses the Net.
19:46 of 3rd period - Wrist shot by Patrick O'Sullivan.
19:46 of 3rd period - Stopped by Harru Sateri with a rebound.
19:48 of 3rd period - Snap shot by Patrick O'Sullivan.
19:48 of 3rd period - Shot Hit the Post.
19:50 of 3rd period - Slapshot by Pierre Dagenais.
19:50 of 3rd period - Deflect By Patrick O'Sullivan.
19:50 of 3rd period - Stopped by Harru Sateri without a rebound.
19:51 of 3rd period - Patrick O'Sullivan wins face-off versus Andreas Johansson in Saguenéens zone.
19:58 of 3rd period - Wrist shot by Pierre Dagenais.
19:58 of 3rd period - Stopped by Harru Sateri with a rebound.
Output by the SimonT Hockey Simulator (STHS) for François Prévost -- Original Page W3C XHTML 1.0 Valid